 Dungeon Crawl Stone Soup version 0.29.1-13-g9f3cf754e1 (webtiles) character file.

Game seed: 15210696413459272815

410 GigaChad the Trooper (level 6, 0/56 HPs)
             Began as a Minotaur Fighter on Feb 1, 2023.
             Slain by a lemure (3 damage)
             ... led by Pikel
             ... on level 4 of the Dungeon on Feb 10, 2023.
             The game lasted 00:06:31 (2581 turns).

GigaChad the Trooper (Minotaur Fighter)             Turns: 2581, Time: 00:06:31

Health: 0/56       AC:  7    Str: 23    XL:     6   Next: 58%
Magic:  5/5        EV: 10    Int:  5    God:
Gold:   187        SH:  4    Dex:  9    Spells: 5/5 levels left

rFire   . . .      SeeInvis .   a - +0 war axe
rCold   . . .      Faith    .   c - +0 buckler
rNeg    . . .      Spirit   .   b - +0 scale mail
rPois   .          Reflect  .   (helmet restricted)
rElec   .          Harm     .   (no cloak)
rCorr   .          Rampage  .   (no gloves)
Will    .....                   (no boots)
Stlth   ..........              (no amulet)
HPRegen 0.18/turn               (no ring)
MPRegen 0.09/turn               (no ring)

@: no status effects
A: horns 2, retaliatory headbutt
a: no special abilities


You were on level 4 of the Dungeon.
You visited 1 branch of the dungeon, and saw 4 of its levels.

You collected 187 gold pieces.

Inventory:

Hand Weapons
 a - a +0 war axe (weapon)
 r - a +1 trident of freezing
 t - a +2 spectral club
Armour
 b - a +0 scale mail (worn)
 c - a +0 buckler (worn)
Wands
 s - a wand of polymorph (6)
Scrolls
 f - 2 scrolls of blinking {unknown}
 g - 3 scrolls of identify {unknown}
 h - a scroll of poison {unknown}
 j - a scroll of noise {unknown}
 k - a scroll of magic mapping {unknown}
 l - a scroll of brand weapon {unknown}
 m - a scroll of vulnerability {unknown}
 n - a scroll of silence {unknown}
 o - a scroll of immolation {unknown}
 p - a scroll of fog {unknown}
 q - a scroll of enchant weapon {unknown}
Potions
 d - 2 potions of might
 e - a potion of brilliance {unknown}
 i - a potion of invisibility {unknown}


   Skills:
 + Level 5.3 Fighting
 + Level 5.2 Axes
 + Level 5.0 Armour
 + Level 2.3 Dodging
 + Level 0.7 Stealth
 + Level 4.4 Shields


You had 5 spell levels left.
You didn't know any spells.
Your spell library contained the following spells:

 Spells                   Type           Power      Damage    Failure   Level
 Foxfire                  Conj/Fire      0%         2x1d4     86%         1
 Sandblast                Erth           0%         2d4       86%         1
 Passwall                 Tmut/Erth      0%         N/A       94%         2
 Conjure Flame            Conj/Fire      0%         6-21      99%         3
 Inner Flame              Hex/Fire       0%         N/A       99%         3
 Stone Arrow              Conj/Erth      0%         3d7       99%         3
 Flame Wave               Conj/Fire      0%         2d4       100%        4


Dungeon Overview and Level Annotations

Branches:
Dungeon (4/15)
 Temple: D:4-7

Altars:

Annotations:
D:4 Pikel


Innate Abilities, Weirdness & Mutations

You have a pair of horns on your head.
You reflexively headbutt those who attack you in melee.


Message History

Pikel misses you.
You barely miss Pikel.
Pikel is moderately wounded.
You hit the lemure. x2; You slash the lemure!
You block the lemure's attack. The lemure closely misses you.
You furiously retaliate!
You headbutt the lemure! The lemure barely misses you. Pikel barely misses you.
You hit Pikel.
Pikel is moderately wounded.
You hit the lemure but do no damage. x2; You closely miss the lemure.
The lemure hits you but does no damage. Pikel waves his whip at you.
Pikel hits you with a +1 whip of flaming.
Pikel burns you. The lemure hits you. The lemure barely misses you.
You barely miss Pikel.
Pikel is moderately wounded.
You hit the lemure but do no damage. You hit the lemure.
You barely miss the lemure. You block the lemure's attack.
Pikel hits you with a +1 whip of flaming!
Pikel burns you. The lemure hits you. You block the lemure's attack.
The lemure hits you but does no damage. The lemure barely misses you.
The lemure hits you.
Pikel hits you with a +1 whip of flaming.
* * * LOW HITPOINT WARNING * * *
Pikel burns you.
* * * LOW HITPOINT WARNING * * *
You closely miss Pikel.
Pikel is moderately wounded.
You hit the lemure. You completely miss the lemure. You hit the lemure.
The lemure hits you.
* * * LOW HITPOINT WARNING * * *
The lemure misses you. You furiously retaliate!
You headbutt the lemure. The lemure hits you!
* * * LOW HITPOINT WARNING * * *
Pikel barely misses you.
You barely miss Pikel.
Pikel is moderately wounded.
You hit the lemure. You slash the lemure! You barely miss the lemure.
The lemure closely misses you. The lemure hits you but does no damage.
The lemure hits you.
You die...

..##.##.# .......
..#.⌠.#.####.......o.
#.##.##...###... ...
##..#......#..###..
##...†.......##.(
#...........##o# # .
#...........##n# .#...
#............5K#......
#.............@5......
#...............5......
#.......................
#.......!...............
#............>..........
.............###......
............# ......
......###..# ......
....# .#.# ..


You could see Pikel, 3 lemures, a necrophage and an orc.

Vanquished Creatures
  Menkaure (D:4)
  A black bear (D:3)
  A lemure (D:4)
  Ijyb (D:4)
  Robin (D:2)
  7 adders
  3 worms
  A dart slug (D:3)
  An orc (D:3)
  4 ball pythons
  4 bats
  6 endoplasms
  3 giant cockroaches
  9 hobgoblins
  3 quokkas (D:2)
  5 frilled lizards
  23 goblins
  9 kobolds
  3 rats
86 creatures vanquished.

Notes
Turn   | Place    | Note
-------+----------+-------------------------------------------
     0 | D:1      | GigaChad the Minotaur Fighter began the quest for the Orb.
     0 | D:1      | Reached XP level 1. HP: 19/19 MP: 0/0
   147 | D:1      | Reached XP level 2. HP: 13/27 MP: 1/1
   462 | D:1      | Found a faded altar of an unknown god.
   619 | D:2      | Reached XP level 3. HP: 26/33 MP: 2/2
   936 | D:2      | Noticed Robin
   940 | D:2      | Reached skill level 1 in Dodging
   950 | D:2      | Reached XP level 4. HP: 26/40 MP: 3/3
   960 | D:2      | Killed Robin
  1417 | D:2      | Reached XP level 5. HP: 47/47 MP: 4/4
  1879 | D:3      | Noticed a black bear
  1887 | D:3      | Killed a black bear
  1888 | D:3      | Reached skill level 5 in Fighting
  2388 | D:4      | Noticed Menkaure
  2388 | D:4      | Noticed Ijyb
  2394 | D:4      | Killed Ijyb
  2395 | D:4      | Reached XP level 6. HP: 39/56 MP: 5/5
  2398 | D:4      | Killed Menkaure
  2399 | D:4      | Reached skill level 5 in Axes
  2556 | D:4      | Reached skill level 5 in Armour
  2565 | D:4      | Noticed Pikel
  2581 | D:4      | Slain by a lemure

Illustrated notes

Levels and vault maps discovered:
D:1:      eino_arrival_cavern_e, layout_rooms, basic_ecumenical_altar
D:2:      layout_rooms, chequers_mini_garden, minmay_increasing_density,
          uniq_robin
D:3:      layout_loops_ring
D:4:      layout_rooms, grunt_decor_one_mirror, serial_park_tiny_1,
          chequers_serial_rivers_small_a, nicolae_shop_unique_rings,
          uniq_menkaure, uniq_pikel, uniq_ijyb

Skill      XL: |  1  2  3  4  5  6 |
---------------+-------------------+-----
Fighting       | 4 5 |  5.3
Axes           | 3 4 5 |  5.2
Armour         | 4 5 |  5.0
Dodging        | 1 2 |  2.3
Shields        | 4 |  4.4
Stealth        | |  0.7

Action                   |  1- 3 |  4- 6 || total
-------------------------+-------+-------++-------
Melee: War axe           |    64 |    84 ||   148
       Headbutt          |     8 |    14 ||    22
Armor: Scale mail        |    55 |    52 ||   107
Dodge: Dodged            |    50 |    75 ||   125
Block: Buckler           |    31 |    36 ||    67
